 Dungeon Crawl Stone Soup version 0.31-a0-358-gac0dbeb3ab (webtiles) character file.

Game seed: 135678935542128380

7 RepHenryClay the Stinger (level 1, 0/10 HPs)
             Began as a Deep Elf Venom Mage on July 26, 2023.
             Slain by a jackal (3 damage)
             ... on level 1 of the Dungeon.
             The game lasted 00:00:27 (133 turns).

RepHenryClay the Stinger (Deep Elf Venom Mage)       Turns: 133, Time: 00:00:27

Health: 0/10       AC:  2    Str:  5    XL:     1   Next: 91%
Magic:  2/6        EV: 13    Int: 19    God:
Gold:   5          SH:  0    Dex: 15    Spells: 5/6 levels left

rFire   . . .        (no weapon)
rCold   . . .        (no shield)
rNeg    . . .        a - +0 robe
rPois   .            (no helmet)
rElec   .            (no cloak)
rCorr   .            (no gloves)
SInv    .            (no boots)
Will    .....        (no amulet)
Stlth   ++           (no ring)
HPRegen 0.21/turn    (no ring)
MPRegen 0.10/turn

%: no passive effects
@: no status effects
A: no striking features
a: no special abilities


You were on level 1 of the Dungeon.
You visited 1 branch of the dungeon, and saw 1 of its levels.

You collected 5 gold pieces.

Inventory:

Armour
 a - a +0 robe (worn)
Potions
 b - a potion of magic


   Skills:
 + Level 2.9 Dodging
 - Level 2.4 Stealth
 - Level 3.0 Spellcasting
 - Level 1.1 Transmutations
 + Level 3.6 Poison Magic


You had 5 spell levels left.
You knew the following spells:

 Your Spells              Type           Power      Damage    Failure   Level
a - Sting                 Tmut/Pois      44%        1d5       6%          1

Your spell library contained the following spells:

 Spells                   Type           Power      Damage    Failure   Level
 Poisonous Vapours        Pois/Air       18%        N/A       11%         2
 Mephitic Cloud           Conj/Pois/Air  7%         N/A       28%         3
 Olgreb's Toxic Radiance  Pois           16%        N/A       34%         4


Dungeon Overview and Level Annotations

Branches:
Dungeon (1/15)

Altars:


Message History

The sting hits the jackal.
The jackal is poisoned.
The jackal is lightly wounded.
The jackal barely misses you. The jackal misses you.
You miss the jackal.
The jackal is heavily wounded.
The jackal closely misses you.
You hit the jackal but do no damage.
The jackal is heavily wounded.
The jackal closely misses you.
You hit the jackal but do no damage.
The jackal is severely wounded.
The jackal looks more healthy.
The jackal bites you. x2
Huge Dmg: -40%(-4hp) hp: 60%(6hp)
Casting: Sting (safe; 6% risk of failure)
Confirm with . or Enter, or press ? or * to list all spells.
Aiming: Sting (safe; 6% risk of failure)
Press: ? - help, Shift-Dir - straight line, f/p - jackal
Aim: a jackal (severely wounded, 64% to hit)
The sting misses the jackal.
The jackal closely misses you.
Unknown command.
Casting: Sting (safe; 6% risk of failure)
Confirm with . or Enter, or press ? or * to list all spells.
Aiming: Sting (safe; 6% risk of failure)
Press: ? - help, Shift-Dir - straight line, f/p - jackal
Aim: a jackal (severely wounded, 64% to hit)
The sting hits the jackal.
The jackal is poisoned.
The jackal is almost dead.
The jackal bites you. x2
* * * LOW HITPOINT WARNING * * *
Huge Dmg: -40%(-4hp) hp: 20%(2hp)
You kill the jackal!
Casting: Sting (safe; 6% risk of failure)
Confirm with . or Enter, or press ? or * to list all spells.
Aiming: Sting (safe; 6% risk of failure)
Press: ? - help, Shift-Dir - straight line, f - jackal
Aim: a jackal (64% to hit)
The sting hits the jackal.
The jackal is poisoned.
The jackal is almost dead.
The jackal bites you.
You die...

. #. ... ###### .! ...#
#....# .# ...# ##.#.# .#
...+ #.#.# .# .#.#
#.#.###########.#
.#.#####.#.......@h.†..#
..†#.P#....###########.#
...'.<#..#.# ...
...#..##.#.# h....
...#####.#.#######
h..#...
...#..##.#........ ....
.. ...'..#....#######
..... .
...#..#...........
...##.
#'########.#######


You could see a jackal (poisoned).

Vanquished Creatures
  2 giant cockroaches (D:1)
  A hobgoblin (D:1)
  2 jackals (D:1)
  A bat (D:1)
6 creatures vanquished.

Notes
Turn   | Place    | Note
-------+----------+-------------------------------------------
     0 | D:1      | RepHenryClay the Deep Elf Venom Mage began the quest for
                  | the Orb.
     0 | D:1      | Reached XP level 1. HP: 10/10 MP: 6/6
    67 | D:1      | Found a faded altar of an unknown god.
   133 | D:1      | Slain by a jackal

Illustrated notes

Levels and vault maps discovered:
D:1:      dpeg_arrival_prison, layout_rooms, chequers_ecumenical_altar_simple

Action                     || total
---------------------------++-------
  Melee: Unarmed           ||     3
   Cast: Sting             ||    11
  Dodge: Dodged            ||    12

Table legend: (Time is in decaauts)
 A = Elapsed time spent in this place.
 B = Non-inter-level travel time spent in this place.
 C = Inter-level travel time spent in this place.
 D = Time resting spent in this place.
 E = Time spent auto-exploring this place.
 F = Levels seen in this place.
 G = Mean time per level.
                   A        B        C        D        E       F      G
               +--------+--------+--------+--------+--------+-----+--------+
         Total |    133 |    133 |      0 |      0 |    103 |   1 |  133.0 |
       Dungeon |    133 |    133 |      0 |      0 |    103 |   1 |  133.0 |
               +--------+--------+--------+--------+--------+-----+--------+

Top non-repeatable levels by time:
     D:1: 133 daAuts
